 Dungeon Crawl Stone Soup version 0.20.1-1-g8b1a95d (webtiles) character file.

88 Saithnar the Magician (level 4, -4/24 HPs)
             Began as a Deep Elf Fire Elementalist on Aug 19, 2017.
             Slain by Sigmund
             ... wielding a +0 scythe
              (12 damage)
             ... on level 3 of the Dungeon.
             The game lasted 00:11:26 (2923 turns).

Saithnar the Magician (Deep Elf Fire Elementalist)  Turns: 2923, Time: 00:11:27

Health: -4/24      AC:  3    Str:  5    XL:     4   Next: 30%
Magic:  1/11       EV: 13    Int: 21    God:
Gold:   173        SH:  0    Dex: 15    Spells: 4/10 levels left

rFire    . . .     SeeInvis .   (no weapon)
rCold    . . .     Gourm    .   (no shield)
rNeg     . . .     Faith    .   j - +1 robe
rPois    .         Spirit   .   (no helmet)
rElec    .         Reflect  .   (no cloak)
rCorr    .         Harm     .   (no gloves)
MR       .....                  (no boots)
Stlth    +.........             (no amulet)
Regen    0.1/turn               (no ring)
MPRegen  0.2/turn               (no ring)

@: confused
A: no striking features
a: no special abilities


You were on level 3 of the Dungeon.
You were not hungry.

You visited 1 branch of the dungeon, and saw 3 of its levels.

You collected 173 gold pieces.

Inventory:

Armour
 a - a +0 robe
 g - a +0 robe
 j - a +1 robe (worn)
Wands
 m - a wand of iceblast (15/15)
Scrolls
 e - 2 scrolls of identify
 f - 3 scrolls of remove curse
 k - 2 scrolls of enchant weapon
Potions
 h - a potion of might
 i - 2 potions of brilliance
Books
 b - a book of Flames

   Spells                             Type                      Level
   a - Flame Tongue                   Conjuration/Fire             1
   b - Throw Flame                    Conjuration/Fire             2
   c - Conjure Flame                  Conjuration/Fire             3
   d - Inner Flame                    Hexes/Fire                   3
   e - Sticky Flame                   Conjuration/Fire             4
   f - Fireball                       Conjuration/Fire             5
Comestibles
 c - a royal jelly
 l - a bread ration


   Skills:
 + Level 0.1 Fighting
 + Level 2.8 Dodging
 + Level 3.1 Stealth
 + Level 0.2 Unarmed Combat
 + Level 3.9 Spellcasting
 + Level 2.6 Conjurations
 + Level 3.8 Fire Magic


You had 4 spell levels left.
You knew the following spells:

 Your Spells              Type           Power        Failure   Level  Hunger
a - Flame Tongue          Conj/Fire      ###..        3%          1    None
b - Throw Flame           Conj/Fire      ###...       4%          2    #......
c - Conjure Flame         Conj/Fire      ###.....     10%         3    ###....


Dungeon Overview and Level Annotations

Branches:
Dungeon (3/15)

Altars:
Xom

Annotations:
D:3 Robin, Sigmund


Message History

Press: ? - help, Shift-Dir - straight line, f - adder, p - Sigmund
Aim: an adder (hasn't noticed you)
The puff of flame hits the adder.
The adder is severely wounded.
The adder hisses angrily.
Sigmund closely misses you. Sigmund closely misses you.
Sigmund gestures wildly while chanting.
Sigmund flickers and vanishes!
Deactivating autopickup; reactivate with Ctrl-A.
The adder closely misses you. The adder bites you.
A magic dart appears from out of thin air!
The magic dart hits you! The adder closely misses you. The adder bites you.
You hear some strange, mumbled words.
You are confused.
The adder closely misses you. Something hits you!
Ouch! That really hurt!
You die...

#.####.............#..#
....
###.######.#.##.########
## .#.####'###
#.#............
..........#
#.#.##.########
..........# #...#<...#
..........#####..##.#.#
....................#.#
##....#####...รท.....# #
#.... #@S.......# #....
#.........# #####
#.........# #.........#
#.........# #.........#
#.........# ########..#
#.....%>.#


You could see an adder.

Vanquished Creatures
  3 adders
  A dart slug (D:2)
  A leopard gecko (D:1)
  2 ball pythons
  2 giant cockroaches
  5 hobgoblins
  5 jackals
  7 kobolds
  10 bats
  A frilled lizard (D:1)
  10 goblins
  6 rats (D:1)
53 creatures vanquished.

Notes
Turn   | Place    | Note
-------+----------+-------------------------------------------
     0 | D:1      | Saithnar the Deep Elf Fire Elementalist began the quest for the Orb.
     0 | D:1      | Reached XP level 1. HP: 10/10 MP: 6/6
   215 | D:1      | Reached XP level 2. HP: 15/15 MP: 5/8
   802 | D:1      | Reached XP level 3. HP: 19/19 MP: 6/9
   836 | D:1      | Learned a level 2 spell: Throw Flame
   840 | D:1      | Learned a level 3 spell: Conjure Flame
  1318 | D:2      | Found a shimmering altar of Xom.
  1318 | D:2      | Found a shimmering altar of Xom.
  1319 | D:2      | Found a shimmering altar of Xom.
  1319 | D:2      | Found a shimmering altar of Xom.
  1320 | D:2      | Found a shimmering altar of Xom.
  2142 | D:3      | Reached XP level 4. HP: 24/24 MP: 8/11
  2160 | D:3      | Noticed Robin
  2902 | D:3      | Noticed Sigmund
  2923 | D:3      | Slain by Sigmund

Skill      XL: |  1  2  3 |
---------------+----------+-----
Conjurations   | 2 |  2.6
Stealth        | 3 |  3.1
Fighting       | |  0.1
Dodging        | |  2.8
Unarmed Combat | |  0.2
Spellcasting   | |  3.9
Fire Magic     | |  3.8

Action                   |  1- 3 |  4- 6 || total
-------------------------+-------+-------++-------
Melee: Unarmed           |    11 |     9 ||    20
 Cast: Flame Tongue      |    41 |    14 ||    55
       Throw Flame       |    20 |    13 ||    33
       Conjure Flame     |       |     3 ||     3
  Use: Potion            |     1 |     2 ||     3
       Scroll            |     4 |     2 ||     6
  Eat: Bread ration      |     1 |       ||     1
       Meat ration       |       |     1 ||     1
Armor: Robe              |     7 |     3 ||    10
Dodge: Dodged            |    30 |    33 ||    63
